[Event "Live Chess"]
[Site "Chess.com"]
[Date "2011.01.31"]
[Round "-"]
[White "SavageChezz"]
[Black "hipposcottimus"]
[Result "1-0"]
[CurrentPosition "4k3/8/8/2PPB2p/7P/1p3NK1/8/8 b - -"]
[Timezone "UTC"]
[ECO "A03"]
[ECOUrl "https://www.chess.com/openings/Birds-Opening-Dutch-Variation"]
[UTCDate "2011.01.31"]
[UTCTime "22:18:53"]
[WhiteElo "2201"]
[BlackElo "1654"]
[TimeControl "60"]
[Termination "SavageChezz won on time"]
[StartTime "22:18:53"]
[EndDate "2011.01.31"]
[EndTime "22:21:12"]
[Link "https://www.chess.com/game/live/93435253"]

1. f4 d5 2. d3 Bg4 3. Nf3 Bxf3 4. exf3 f5 5. g3 e6 6. Bg2 Nf6 7. O-O Bd6 8. Re1 Nc6 9. h3 O-O 10. Be3 Ne7 11. Bf2 c5 12. c3 d4 13. c4 Ng6 14. Qd2 e5 15. fxe5 Bxe5 16. f4 Bd6 17. Qe2 Rc8 18. Qe6+ Kh8 19. Qxf5 Rc6 20. Re6 Bxf4 21. Rxc6 bxc6 22. gxf4 Ne7 23. Qxc5 Nd7 24. Qxd4 Ng6 25. Bg3 Qe7 26. Nc3 Nf6 27. Re1 Qf7 28. f5 c5 29. fxg6 cxd4 30. gxf7 Rxf7 31. Nd5 Ng8 32. Re8 Rb7 33. Bd6 Rxb2 34. Ne7 Rb1+ 35. Kh2 h6 36. Rxg8+ Kh7 37. Re8 h5 38. Nf5 Kg6 39. Nh4+ Kf7 40. Nf3 Kxe8 41. Be5 Rb2 42. Bxd4 Rxa2 43. Bxg7 Ra3 44. d4 Rc3 45. c5 Rc4 46. Be5 Rc3 47. h4 Ra3 48. Kg3 a5 49. Bh3 a4 50. Be6 Rb3 51. Bxb3 axb3 52. d5 1-0

[Event "Live Chess"]
[Site "Chess.com"]
[Date "2011.01.31"]
[Round "-"]
[White "hipposcottimus"]
[Black "SavageChezz"]
[Result "0-1"]
[CurrentPosition "r4rk1/1p1nnpp1/pbp1p2p/4P3/1PP5/P1N2NB1/5PPP/R4RK1 w - -"]
[Timezone "UTC"]
[ECO "B01"]
[ECOUrl "https://www.chess.com/openings/Scandinavian-Defense-Mieses-Kotrc-Variation-3.Nc3-Qe5-4.Be2"]
[UTCDate "2011.01.31"]
[UTCTime "22:18:11"]
[WhiteElo "1654"]
[BlackElo "2201"]
[TimeControl "60"]
[Termination "SavageChezz won on time"]
[StartTime "22:18:11"]
[EndDate "2011.01.31"]
[EndTime "22:18:42"]
[Link "https://www.chess.com/game/live/93434852"]

1. e4 d5 2. exd5 Qxd5 3. Nc3 Qe5+ 4. Be2 Bg4 5. d4 Bxe2 6. dxe5 Bxd1 7. Nxd1 e6 8. Nf3 c6 9. O-O Nd7 10. Bf4 Bc5 11. c4 Ne7 12. Nc3 O-O 13. a3 h6 14. b4 Bb6 15. Bg3 a6 0-1

[Event "Live Chess"]
[Site "Chess.com"]
[Date "2011.01.31"]
[Round "-"]
[White "hipposcottimus"]
[Black "topsdown"]
[Result "1-0"]
[CurrentPosition "2krr3/1Qnq3p/2p2p2/6p1/2PP1B2/5N2/P4PPP/1R4K1 b - -"]
[Timezone "UTC"]
[ECO "B01"]
[ECOUrl "https://www.chess.com/openings/Scandinavian-Defense-Mieses-Kotrc-Variation-3.Nc3-Qd8"]
[UTCDate "2011.01.31"]
[UTCTime "22:15:43"]
[WhiteElo "1654"]
[BlackElo "1637"]
[TimeControl "60"]
[Termination "hipposcottimus won by checkmate"]
[StartTime "22:15:43"]
[EndDate "2011.01.31"]
[EndTime "22:17:04"]
[Link "https://www.chess.com/game/live/93434378"]

1. e4 d5 2. exd5 Qxd5 3. Nc3 Qd8 4. Be2 Bf5 5. d4 e6 6. Nf3 Nc6 7. Be3 Nb4 8. O-O Nxc2 9. Bd3 Nxa1 10. Bxf5 exf5 11. Qxa1 Bb4 12. Re1 Bxc3 13. bxc3 Ne7 14. Bg5 f6 15. Be3 Qd7 16. Qb2 O-O-O 17. Qa3 Nd5 18. Qxa7 c6 19. Bd2 f4 20. c4 Nc7 21. Bxf4 Rhe8 22. Rb1 g5 23. Qxb7# 1-0

[Event "Live Chess"]
[Site "Chess.com"]
[Date "2011.01.31"]
[Round "-"]
[White "burns123"]
[Black "hipposcottimus"]
[Result "0-1"]
[CurrentPosition "6k1/4R2p/p1B2p2/1p6/7P/N2P2P1/P4P2/6K1 w - -"]
[Timezone "UTC"]
[ECO "A07"]
[ECOUrl "https://www.chess.com/openings/Kings-Indian-Attack-Keres-Variation-3.Bg2-e6"]
[UTCDate "2011.01.31"]
[UTCTime "21:45:33"]
[WhiteElo "1612"]
[BlackElo "1646"]
[TimeControl "60"]
[Termination "hipposcottimus won on time"]
[StartTime "21:45:33"]
[EndDate "2011.01.31"]
[EndTime "21:47:39"]
[Link "https://www.chess.com/game/live/93426049"]

1. Nf3 d5 2. g3 Bg4 3. Bg2 e6 4. h3 Bf5 5. O-O Bd6 6. Nd4 Ne7 7. Nxf5 Nxf5 8. d3 O-O 9. h4 Ne7 10. Bg5 f6 11. Be3 e5 12. c4 d4 13. Bd2 Nbc6 14. b4 Ng6 15. Bd5+ Kh8 16. c5 Be7 17. b5 Nb8 18. Bxb7 c6 19. Bxa8 cxb5 20. Bg2 Bxc5 21. Bc1 a6 22. Na3 f5 23. Bb2 Re8 24. Rc1 e4 25. Rxc5 exd3 26. exd3 Rf8 27. Qf3 Nd7 28. Rxf5 Rxf5 29. Qxf5 Ne7 30. Qg5 Qf8 31. Bxd4 Ng6 32. Bc6 Nf6 33. Bxf6 Qxf6 34. Qxf6 gxf6 35. Re1 Ne7 36. Rxe7 Kg8 0-1

[Event "Live Chess"]
[Site "Chess.com"]
[Date "2011.01.31"]
[Round "-"]
[White "darijan"]
[Black "hipposcottimus"]
[Result "0-1"]
[CurrentPosition "r4k2/ppp2ppB/3b4/8/2P3nR/2N2bP1/PP1P1P2/R1B1r1K1 w - -"]
[Timezone "UTC"]
[ECO "C44"]
[ECOUrl "https://www.chess.com/openings/Ponziani-Opening-3...d5"]
[UTCDate "2011.01.31"]
[UTCTime "20:05:43"]
[WhiteElo "1394"]
[BlackElo "1405"]
[TimeControl "600"]
[Termination "hipposcottimus won by checkmate"]
[StartTime "20:05:43"]
[EndDate "2011.01.31"]
[EndTime "20:15:12"]
[Link "https://www.chess.com/game/live/93396058"]

1. e4 e5 2. Nf3 Nc6 3. c3 d5 4. Bd3 Nf6 5. exd5 Qxd5 6. O-O Bd6 7. h3 e4 8. c4 Qh5 9. Re1 Bxh3 10. Bxe4 O-O 11. g3 Bg4 12. Bd3 Ne5 13. Rxe5 Bxf3 14. Rxh5 Bxd1 15. Rh1 Bf3 16. Rh2 Rfe8 17. Nc3 Ng4 18. Bxh7+ Kf8 19. Rh4 Re1# 0-1

[Event "Live Chess"]
[Site "Chess.com"]
[Date "2011.01.31"]
[Round "-"]
[White "hipposcottimus"]
[Black "darijan"]
[Result "0-1"]
[CurrentPosition "7R/8/p1pr2k1/7p/2PB4/N6P/PP2r3/7K w - -"]
[Timezone "UTC"]
[ECO "C55"]
[ECOUrl "https://www.chess.com/openings/Italian-Game-Anti-Fried-Liver-Defense"]
[UTCDate "2011.01.31"]
[UTCTime "19:45:20"]
[WhiteElo "1397"]
[BlackElo "1402"]
[TimeControl "600"]
[Termination "darijan won on time"]
[StartTime "19:45:20"]
[EndDate "2011.01.31"]
[EndTime "20:05:13"]
[Link "https://www.chess.com/game/live/93389301"]

1. e4 e5 2. Nf3 Nc6 3. Bc4 h6 4. d4 d6 5. dxe5 dxe5 6. Qxd8+ Nxd8 7. Nxe5 Be6 8. Bd3 Bd6 9. f4 Nc6 10. Bb5 Ne7 11. O-O O-O-O 12. Nxc6 bxc6 13. Ba6+ Kb8 14. Na3 Bc5+ 15. Kh1 Rd4 16. Be3 Ra4 17. Bxc5 Rxa6 18. Bxe7 Re8 19. Bb4 Ra4 20. Bc3 Rxe4 21. Bxg7 h5 22. Be5 Bd5 23. c4 Be6 24. Rf3 Bg4 25. Rb3+ Kc8 26. h3 Be6 27. Rc1 Rf8 28. Bf6 Rxf4 29. Be5 Re4 30. Bh2 Rg8 31. Bg1 a6 32. Ba7 Kd7 33. Rd1+ Ke7 34. Bc5+ Kf6 35. Bd4+ Kg6 36. Rg3+ Kh7 37. Rb3 Re2 38. Rg1 Bf5 39. Rb7 Be4 40. Rxc7 Bxg2+ 41. Rxg2 Rgxg2 42. Rxf7+ Kh6 43. Rf6+ Rg6 44. Rf8 Re1+ 45. Kh2 Re2+ 46. Kh1 Rd6 47. Rh8+ Kg6 0-1

[Event "Live Chess"]
[Site "Chess.com"]
[Date "2011.01.31"]
[Round "-"]
[White "inthetrees"]
[Black "hipposcottimus"]
[Result "1-0"]
[CurrentPosition "rn2k2r/pp2nppp/2p1p3/3P4/8/P1N1q3/1PP1QPPP/R1B2RK1 w kq -"]
[Timezone "UTC"]
[ECO "D00"]
[ECOUrl "https://www.chess.com/openings/Queens-Pawn-Opening-Chigorin-Variation-2...c6"]
[UTCDate "2011.01.31"]
[UTCTime "19:37:52"]
[WhiteElo "1313"]
[BlackElo "1405"]
[TimeControl "600"]
[Termination "inthetrees won by resignation"]
[StartTime "19:37:52"]
[EndDate "2011.01.31"]
[EndTime "19:40:37"]
[Link "https://www.chess.com/game/live/93387701"]

1. d4 d5 2. Nc3 c6 3. Nf3 Bg4 4. e3 e6 5. Be2 Bb4 6. Ne5 Bxe2 7. Qxe2 Qf6 8. O-O Ne7 9. Ng4 Qg6 10. Ne5 Qf6 11. a3 Bd6 12. e4 Bxe5 13. dxe5 Qxe5 14. exd5 Qe3 1-0

[Event "Live Chess"]
[Site "Chess.com"]
[Date "2011.01.30"]
[Round "-"]
[White "rajee00a"]
[Black "hipposcottimus"]
[Result "0-1"]
[CurrentPosition "8/p3r2k/7p/4p3/5p1P/2pr4/Kq6/8 w - -"]
[Timezone "UTC"]
[ECO "C25"]
[ECOUrl "https://www.chess.com/openings/Vienna-Game-Max-Lange-Defense"]
[UTCDate "2011.01.30"]
[UTCTime "03:40:17"]
[WhiteElo "1750"]
[BlackElo "1638"]
[TimeControl "60"]
[Termination "hipposcottimus won by checkmate"]
[StartTime "03:40:17"]
[EndDate "2011.01.30"]
[EndTime "03:42:21"]
[Link "https://www.chess.com/game/live/92823511"]

1. e4 e5 2. Nc3 Nc6 3. Bb5 Nf6 4. Bxc6 dxc6 5. Nf3 Nxe4 6. Nxe4 f5 7. Nc3 Bd6 8. d3 O-O 9. Bg5 Qe8 10. Qc1 f4 11. Qd2 h6 12. Bxh6 gxh6 13. h4 Kh7 14. O-O-O Bg4 15. Rde1 Bxf3 16. gxf3 Qg6 17. Reg1 Qe6 18. Rh2 Bb4 19. a3 Bxc3 20. Qxc3 Rad8 21. Re1 Rd4 22. Re2 c5 23. Rh1 b5 24. Rhe1 Re8 25. Rg1 b4 26. axb4 cxb4 27. Qxc7+ Re7 28. Qc8 Qxc8 29. Kd1 Qa6 30. Ke1 Qa1+ 31. Kd2 Qxg1 32. Re1 Qxf2+ 33. Re2 Qxf3 34. c3 Rxd3+ 35. Kc1 bxc3 36. Kb1 Qxe2 37. Ka2 Qxb2# 0-1

[Event "Live Chess"]
[Site "Chess.com"]
[Date "2011.01.30"]
[Round "-"]
[White "hipposcottimus"]
[Black "evenseasons"]
[Result "1-0"]
[CurrentPosition "2r1r3/Q4p2/kp6/1N1P4/P3P3/7P/1P5P/2R4K b - -"]
[Timezone "UTC"]
[ECO "B06"]
[ECOUrl "https://www.chess.com/openings/Modern-Defense-with-1-d4-2.c4-Bg7-3.e4-d6"]
[UTCDate "2011.01.30"]
[UTCTime "03:37:41"]
[WhiteElo "1626"]
[BlackElo "1585"]
[TimeControl "60"]
[Termination "hipposcottimus won by checkmate"]
[StartTime "03:37:41"]
[EndDate "2011.01.30"]
[EndTime "03:39:24"]
[Link "https://www.chess.com/game/live/92822961"]

1. e4 g6 2. d4 Bg7 3. c4 d6 4. Nc3 b6 5. d5 Bb7 6. f3 Nf6 7. Bd2 O-O 8. Be2 e6 9. Nh3 e5 10. f4 c6 11. fxe5 dxe5 12. O-O cxd5 13. Bg5 h6 14. Bxf6 Qxf6 15. cxd5 Re8 16. Rxf6 Bxf6 17. Bg4 h5 18. Bf3 Bc8 19. Qa4 Bd7 20. Qb3 Bxh3 21. gxh3 Nd7 22. Qb5 g5 23. Qxd7 Rad8 24. Qf5 g4 25. Qxf6 gxf3 26. Qxf3 Kf8 27. Qxh5 Ke7 28. Kh1 Rg8 29. Qxe5+ Kd7 30. Nb5 Rge8 31. Qd6+ Kc8 32. Rc1+ Kb7 33. Qc7+ Ka6 34. a4 Rc8 35. Qxa7# 1-0

[Event "Live Chess"]
[Site "Chess.com"]
[Date "2011.01.30"]
[Round "-"]
[White "evenseasons"]
[Black "hipposcottimus"]
[Result "0-1"]
[CurrentPosition "7k/Q5pp/2p5/P7/3P4/8/P4PPP/4r1K1 w - -"]
[Timezone "UTC"]
[ECO "C44"]
[ECOUrl "https://www.chess.com/openings/Ponziani-Opening-Jaenisch-Neumann-Gambit"]
[UTCDate "2011.01.30"]
[UTCTime "03:36:10"]
[WhiteElo "1592"]
[BlackElo "1619"]
[TimeControl "60"]
[Termination "hipposcottimus won by checkmate"]
[StartTime "03:36:10"]
[EndDate "2011.01.30"]
[EndTime "03:37:26"]
[Link "https://www.chess.com/game/live/92822664"]

1. e4 e5 2. Nf3 Nc6 3. Bc4 Nf6 4. c3 d5 5. exd5 Na5 6. Be2 e4 7. Nd4 Bc5 8. b4 Bxd4 9. cxd4 Nxd5 10. bxa5 O-O 11. O-O f5 12. d3 c6 13. dxe4 fxe4 14. Bc4 Be6 15. Nc3 Qe7 16. Nxe4 Nf4 17. Bxf4 Rxf4 18. Bxe6+ Qxe6 19. Re1 Rxe4 20. Rxe4 Qxe4 21. Qb3+ Kh8 22. Qxb7 Re8 23. Qxa7 Qe1+ 24. Rxe1 Rxe1# 0-1

[Event "Live Chess"]
[Site "Chess.com"]
[Date "2011.01.30"]
[Round "-"]
[White "hipposcottimus"]
[Black "evenseasons"]
[Result "0-1"]
[CurrentPosition "6k1/p4ppp/2pb1nq1/5K2/8/2N1P3/Pr5P/2R2R2 w - -"]
[Timezone "UTC"]
[ECO "B01"]
[ECOUrl "https://www.chess.com/openings/Scandinavian-Defense-Modern-Icelandic-Palme-Gambit"]
[UTCDate "2011.01.30"]
[UTCTime "03:34:40"]
[WhiteElo "1611"]
[BlackElo "1600"]
[TimeControl "60"]
[Termination "evenseasons won by checkmate"]
[StartTime "03:34:40"]
[EndDate "2011.01.30"]
[EndTime "03:35:57"]
[Link "https://www.chess.com/game/live/92822312"]

1. e4 d5 2. exd5 Nf6 3. c4 e6 4. Nc3 exd5 5. cxd5 Bd6 6. Qe2+ Be7 7. Qb5+ c6 8. dxc6 bxc6 9. Qe5 O-O 10. Bc4 Re8 11. Qf4 Bd6+ 12. Qe3 Rxe3+ 13. fxe3 Na6 14. Nf3 Nc5 15. Bd3 Nxd3+ 16. Ke2 Nxc1+ 17. Raxc1 Ba6+ 18. d3 Rb8 19. Rhf1 Rxb2+ 20. Nd2 Bxd3+ 21. Kxd3 Ba3+ 22. Ke2 Qxd2+ 23. Kf3 Qxg2+ 24. Kf4 Bd6+ 25. Kf5 Qg6# 0-1

[Event "Live Chess"]
[Site "Chess.com"]
[Date "2011.01.30"]
[Round "-"]
[White "evenseasons"]
[Black "hipposcottimus"]
[Result "1-0"]
[CurrentPosition "r5k1/8/8/5pN1/5P2/r1R3P1/2K5/8 b - -"]
[Timezone "UTC"]
[ECO "C55"]
[ECOUrl "https://www.chess.com/openings/Italian-Game-Two-Knights-Defense-4.O-O"]
[UTCDate "2011.01.30"]
[UTCTime "03:32:01"]
[WhiteElo "1591"]
[BlackElo "1620"]
[TimeControl "60"]
[Termination "evenseasons won on time"]
[StartTime "03:32:01"]
[EndDate "2011.01.30"]
[EndTime "03:34:20"]
[Link "https://www.chess.com/game/live/92821798"]

1. e4 e5 2. Nf3 Nc6 3. Bc4 Nf6 4. O-O d5 5. exd5 Nxd5 6. Bxd5 Qxd5 7. Nc3 Qe6 8. d4 Bd6 9. d5 Qf5 10. dxc6 bxc6 11. Re1 O-O 12. Nxe5 Bxe5 13. Be3 Rb8 14. Bd4 Bxh2+ 15. Kxh2 c5 16. Bxg7 Kxg7 17. Re3 Kh8 18. Rf3 Qh5+ 19. Rh3 Qxd1 20. Rxd1 Bxh3 21. Kxh3 Rg8 22. Ne4 Rbe8 23. f3 f5 24. Rd7 Rgf8 25. Ng5 Kg8 26. Rxh7 Rf6 27. Rxc7 Rg6 28. f4 Rh6+ 29. Kg3 Rf8 30. Rxa7 Rg6 31. Kf3 Rd6 32. g3 Rd2 33. Ke3 Rxc2 34. Rc7 Rxb2 35. a4 Ra2 36. Rxc5 Rxa4 37. Kd3 Ra3+ 38. Rc3 Rd8+ 39. Kc2 Ra2+ 40. Kb3 Rda8 41. Kb4 R2a4+ 42. Kb3 Ra3+ 43. Kc2 1-0

[Event "Live Chess"]
[Site "Chess.com"]
[Date "2011.01.30"]
[Round "-"]
[White "hipposcottimus"]
[Black "Zelrome"]
[Result "1-0"]
[CurrentPosition "4kb2/p1p5/1p2Pp2/2p4Q/2Pq4/1P6/3N3P/2K5 b - -"]
[Timezone "UTC"]
[ECO "B00"]
[ECOUrl "https://www.chess.com/openings/Owens-Defense-2.d4"]
[UTCDate "2011.01.30"]
[UTCTime "03:29:22"]
[WhiteElo "1629"]
[BlackElo "1800"]
[TimeControl "60"]
[Termination "hipposcottimus won on time"]
[StartTime "03:29:22"]
[EndDate "2011.01.30"]
[EndTime "03:31:31"]
[Link "https://www.chess.com/game/live/92821255"]

1. e4 b6 2. d4 d6 3. d5 Bb7 4. c4 Qd7 5. f4 Na6 6. Nf3 Rd8 7. Bd3 Qc8 8. Nc3 Qa8 9. O-O Nc5 10. Be3 e6 11. Bxc5 dxc5 12. f5 Nf6 13. fxe6 fxe6 14. Qd2 Bd6 15. e5 Be7 16. exf6 gxf6 17. dxe6 Rg8 18. Qh6 Rxd3 19. Qxh7 Rxg2+ 20. Kxg2 Bxf3+ 21. Rxf3 Qxf3+ 22. Kg1 Qg4+ 23. Kf1 Rf3+ 24. Ke1 Qg1+ 25. Ke2 Qf2+ 26. Kd1 Rd3+ 27. Qxd3 Qg1+ 28. Kc2 Qxa1 29. Nb1 Qxa2 30. Qh7 Qa4+ 31. b3 Qa2+ 32. Kc1 Qf2 33. Nd2 Qd4 34. Qh8+ Bf8 35. Qh5+ 1-0

[Event "Live Chess"]
[Site "Chess.com"]
[Date "2011.01.30"]
[Round "-"]
[White "hipposcottimus"]
[Black "hlyrad"]
[Result "1-0"]
[CurrentPosition "8/5p1k/3p2pp/3P4/8/4rB2/6PP/1R4K1 b - -"]
[Timezone "UTC"]
[ECO "C50"]
[ECOUrl "https://www.chess.com/openings/Italian-Game-3...d6-4.d4"]
[UTCDate "2011.01.30"]
[UTCTime "03:26:58"]
[WhiteElo "1629"]
[BlackElo "1694"]
[TimeControl "60"]
[Termination "hipposcottimus won on time"]
[StartTime "03:26:58"]
[EndDate "2011.01.30"]
[EndTime "03:29:01"]
[Link "https://www.chess.com/game/live/92820765"]

1. e4 e5 2. Nf3 Nc6 3. Bc4 d6 4. d4 Be7 5. d5 Na5 6. Be2 b6 7. O-O Nb7 8. c4 Nf6 9. b4 Be6 10. Bd3 Bd7 11. Nc3 O-O 12. Re1 Re8 13. Bg5 h6 14. Bxf6 Bxf6 15. Qd2 Bg4 16. Qe2 c5 17. Qe3 cxb4 18. Na4 a6 19. Nb2 b5 20. Be2 bxc4 21. Nxc4 Nc5 22. Qd2 Nxe4 23. Qxb4 Nc5 24. Qb6 Qxb6 25. Nxb6 Rab8 26. Nc4 Bxf3 27. Bxf3 Nd3 28. Ne3 Nxe1 29. Rxe1 e4 30. Be2 Rb2 31. Bxa6 Rxa2 32. Bc4 Rc2 33. Bb5 Rc5 34. Bxe8 Kh7 35. Ba4 Bc3 36. Rd1 Bd4 37. Bc2 Bxe3 38. Bxe4+ g6 39. fxe3 Rc3 40. Bf3 Rxe3 41. Rb1 1-0

[Event "Live Chess"]
[Site "Chess.com"]
[Date "2011.01.30"]
[Round "-"]
[White "hlyrad"]
[Black "hipposcottimus"]
[Result "1-0"]
[CurrentPosition "2Q3k1/p1B2ppp/4p3/2P5/8/4PN2/P3BPPP/R1R3K1 b - -"]
[Timezone "UTC"]
[ECO "D31"]
[ECOUrl "https://www.chess.com/openings/Queens-Gambit-Declined-Semi-Slav-Defense-Accelerated-Move-Order"]
[UTCDate "2011.01.30"]
[UTCTime "03:25:37"]
[WhiteElo "1703"]
[BlackElo "1618"]
[TimeControl "60"]
[Termination "hlyrad won by checkmate"]
[StartTime "03:25:37"]
[EndDate "2011.01.30"]
[EndTime "03:26:46"]
[Link "https://www.chess.com/game/live/92820491"]

1. d4 d5 2. c4 c6 3. Nc3 e6 4. Nf3 Nf6 5. Bf4 Nbd7 6. e3 Bb4 7. Be2 Bxc3+ 8. bxc3 O-O 9. O-O Ne4 10. Qc2 Qa5 11. Rfc1 Nxc3 12. Qxc3 Qc7 13. cxd5 Qd8 14. dxc6 bxc6 15. Qxc6 Rb8 16. Bxb8 Bb7 17. Qxb7 Nc5 18. dxc5 Qc7 19. Bxc7 Rc8 20. Qxc8# 1-0

[Event "Live Chess"]
[Site "Chess.com"]
[Date "2011.01.30"]
[Round "-"]
[White "hipposcottimus"]
[Black "drita25"]
[Result "0-1"]
[CurrentPosition "8/5R1p/6pk/1P6/8/8/rr4PP/5K2 b - -"]
[Timezone "UTC"]
[ECO "A40"]
[ECOUrl "https://www.chess.com/openings/Modern-Defense-with-1-d4-2.c4-Bg7-3.e4"]
[UTCDate "2011.01.30"]
[UTCTime "00:59:27"]
[WhiteElo "1415"]
[BlackElo "1408"]
[TimeControl "600"]
[Termination "drita25 won by resignation"]
[StartTime "00:59:27"]
[EndDate "2011.01.30"]
[EndTime "01:08:03"]
[Link "https://www.chess.com/game/live/92789616"]

1. e4 g6 2. d4 Bg7 3. c4 e6 4. Nc3 Nc6 5. Nf3 Nf6 6. e5 Ng8 7. Be2 d6 8. Bg5 f6 9. Bf4 dxe5 10. dxe5 Qxd1+ 11. Rxd1 fxe5 12. Bg5 Nge7 13. c5 O-O 14. O-O Nf5 15. Ne4 Ncd4 16. Rd2 b6 17. b4 Nxe2+ 18. Rxe2 Ba6 19. Rc2 Bxf1 20. Kxf1 Nd4 21. Nxd4 exd4 22. cxb6 axb6 23. Rxc7 Rxa2 24. Be7 Re8 25. Nf6+ Bxf6 26. Bxf6 Rf8 27. Rg7+ Kh8 28. Bxd4 e5 29. Bxe5 Rfxf2+ 30. Ke1 Rfe2+ 31. Kf1 Rxe5 32. Rf7 Kg8 33. Rb7 Re6 34. Rb8+ Kg7 35. b5 Ree2 36. Rxb6 Reb2 37. Rb7+ Kh6 38. Rf7 0-1

[Event "Live Chess"]
[Site "Chess.com"]
[Date "2011.01.29"]
[Round "-"]
[White "Mayu"]
[Black "hipposcottimus"]
[Result "0-1"]
[CurrentPosition "8/4k1pp/8/2n5/PRP5/4r1P1/1PK4P/8 w - -"]
[Timezone "UTC"]
[ECO "D00"]
[ECOUrl "https://www.chess.com/openings/Queens-Pawn-Opening-Levitsky-Attack-2...f6-3.Bh4"]
[UTCDate "2011.01.29"]
[UTCTime "23:51:38"]
[WhiteElo "1744"]
[BlackElo "1624"]
[TimeControl "60"]
[Termination "hipposcottimus won on time"]
[StartTime "23:51:38"]
[EndDate "2011.01.29"]
[EndTime "23:53:47"]
[Link "https://www.chess.com/game/live/92774080"]

1. d4 d5 2. Bg5 f6 3. Bh4 e6 4. e3 Bd6 5. Ne2 Ne7 6. Bg3 Ng6 7. Bxd6 Qxd6 8. Ng3 O-O 9. Nc3 e5 10. dxe5 fxe5 11. Qxd5+ Be6 12. Qxd6 cxd6 13. Bd3 Nc6 14. Rf1 d5 15. O-O-O e4 16. Bb5 Nb4 17. a3 a6 18. Ba4 b5 19. Bb3 Nc6 20. Bxd5 Bf7 21. Bxf7+ Rxf7 22. Rd6 Rc8 23. Rfd1 a5 24. Nxb5 Nce5 25. Rd8+ Rf8 26. Rxf8+ Rxf8 27. Nd6 Ng4 28. Ngxe4 Nxf2 29. Re1 Nxe4 30. Nxe4 Ne5 31. g3 Rf3 32. Kd2 Ng4 33. Re2 Rf8 34. Nd6 Rd8 35. c4 Nf6 36. Kc3 Rxd6 37. Rd2 Rc6 38. Rd8+ Kf7 39. Ra8 Nd7 40. Rxa5 Ke7 41. Ra4 Nc5 42. Rb4 Rd6 43. a4 Rd3+ 44. Kc2 Rxe3 0-1

[Event "Live Chess"]
[Site "Chess.com"]
[Date "2011.01.29"]
[Round "-"]
[White "hipposcottimus"]
[Black "Mayu"]
[Result "0-1"]
[CurrentPosition "2k5/pp1n1pp1/2p1p1p1/8/3PP3/4QB2/PPq4r/2K1R3 w - -"]
[Timezone "UTC"]
[ECO "B01"]
[ECOUrl "https://www.chess.com/openings/Scandinavian-Defense-Mieses-Kotrc-Main-Line-4.d4-c6"]
[UTCDate "2011.01.29"]
[UTCTime "23:49:31"]
[WhiteElo "1612"]
[BlackElo "1754"]
[TimeControl "60"]
[Termination "Mayu won by checkmate"]
[StartTime "23:49:31"]
[EndDate "2011.01.29"]
[EndTime "23:51:08"]
[Link "https://www.chess.com/game/live/92773582"]

1. e4 d5 2. exd5 Qxd5 3. Nc3 Qa5 4. d4 c6 5. Bd2 Qc7 6. Nce2 Bg4 7. f3 Bh5 8. Ng3 Nf6 9. N1e2 Bg6 10. Nf4 e6 11. Nxg6 hxg6 12. Bd3 Bd6 13. O-O Nbd7 14. Ne4 Bxh2+ 15. Kh1 Nxe4 16. fxe4 Bf4+ 17. Kg1 Bxd2 18. Qxd2 Qh2+ 19. Kf2 O-O-O 20. Ke1 Qh4+ 21. Kd1 Qg4+ 22. Be2 Qg3 23. Qe3 Qxg2 24. Kd2 Rh2 25. Rae1 Rdh8 26. Kc1 R8h3 27. Qd2 Qg3 28. Rf3 Qg2 29. Qe3 Rxf3 30. Bxf3 Qxc2# 0-1

[Event "Live Chess"]
[Site "Chess.com"]
[Date "2011.01.29"]
[Round "-"]
[White "Umbilcus"]
[Black "hipposcottimus"]
[Result "0-1"]
[CurrentPosition "1k1r4/pp6/2b5/1q6/6p1/b1B1P1P1/5P1P/R3R1K1 w - -"]
[Timezone "UTC"]
[ECO "A00"]
[ECOUrl "https://www.chess.com/openings/Polish-Opening-1...e5-2.Bb2"]
[UTCDate "2011.01.29"]
[UTCTime "23:46:37"]
[WhiteElo "1644"]
[BlackElo "1617"]
[TimeControl "60"]
[Termination "hipposcottimus won on time"]
[StartTime "23:46:37"]
[EndDate "2011.01.29"]
[EndTime "23:48:52"]
[Link "https://www.chess.com/game/live/92772968"]

1. b4 e5 2. Bb2 e4 3. e3 d5 4. Ne2 f6 5. a3 c5 6. bxc5 Bxc5 7. Nf4 Nc6 8. Be2 Nge7 9. O-O Ng6 10. Nxg6 hxg6 11. g3 Bd6 12. c4 g5 13. cxd5 Ne7 14. d3 Nxd5 15. dxe4 Ne7 16. Nc3 Bd7 17. Nd5 Bc6 18. Nxe7 Qxe7 19. Rc1 Qc7 20. Bf3 O-O-O 21. Qc2 Be7 22. Bd4 Rd6 23. Rfd1 Rhd8 24. Re1 g6 25. Bg4+ f5 26. e5 fxg4 27. exd6 Bxd6 28. Qxg6 Bxa3 29. Qf5+ Kb8 30. Ra1 Qa5 31. Qxg5 Qxg5 32. Bc3 Qb5 0-1

[Event "Live Chess"]
[Site "Chess.com"]
[Date "2011.01.29"]
[Round "-"]
[White "hipposcottimus"]
[Black "Umbilcus"]
[Result "0-1"]
[CurrentPosition "5rk1/p4pp1/1p5p/3r4/2q1N3/8/P4PP1/4RRK1 w - -"]
[Timezone "UTC"]
[ECO "B01"]
[ECOUrl "https://www.chess.com/openings/Scandinavian-Defense-Modern-Scandinavian-Gambit-4.Nc3-cxd5-5.cxd5"]
[UTCDate "2011.01.29"]
[UTCTime "23:44:15"]
[WhiteElo "1608"]
[BlackElo "1653"]
[TimeControl "60"]
[Termination "Umbilcus won on time"]
[StartTime "23:44:15"]
[EndDate "2011.01.29"]
[EndTime "23:46:26"]
[Link "https://www.chess.com/game/live/92772377"]

1. e4 d5 2. exd5 Nf6 3. c4 c6 4. Nc3 cxd5 5. cxd5 Nxd5 6. d4 Nxc3 7. bxc3 Bf5 8. Nf3 e6 9. Be2 Bd6 10. O-O O-O 11. Bd3 Bxd3 12. Qxd3 Nd7 13. Ng5 Nf6 14. Be3 h6 15. Nf3 Qc7 16. d5 exd5 17. Bd4 Be7 18. Rae1 Rfe8 19. Ne5 Rac8 20. Qe2 b6 21. Qf3 Rf8 22. Qd3 Bd6 23. Nf3 Ne4 24. Nd2 Nxc3 25. Bxc3 Qxc3 26. Qxd5 Rcd8 27. Ne4 Bxh2+ 28. Kxh2 Rxd5 29. Kg1 Qc4 0-1